EVO
OKLAHOMA STATE UNIVERSITY COWBOYS @ UNIVERSITY OF MICHIGAN WOLVERINES
08/08/2048
 
TOP OF THE 1ST
Oklahoma State University Cowboys batting - Pitching for University of Michigan Wolverines : RHP Henrik Berg
Pitching: RHP Henrik Berg
Batting: RHB Simon Gravitt 0-0: Foul Ball, location: 2F
0-1: DOUBLE (Line Drive, 78M, EV 95.0 MPH)
Batting: LHB Dwayne Roche 0-0: Ball
1-0: Ball
2-0: Ball
3-0: Foul Ball, location: 2F
3-1: Base on Balls
Batting: LHB Kyle David 0-0: Called Strike
0-1: Called Strike
0-2: Strikes out swinging
Batting: LHB Cory Rohr 0-0: Called Strike
0-1: Ball
1-1: Ball
2-1: Foul Ball, location: 2F
2-2: Ball
3-2: Strikes out swinging
Batting: RHB Magnus Laursen 0-0: Ball
1-0: Called Strike
1-1: Ball
2-1: Ball
3-1: Base on Balls
Simon Gravitt to third
Dwayne Roche to second
Batting: RHB Rory Cardosi 0-0: Ball
1-0: Called Strike
1-1: Ball
2-1: Ball
3-1: Ground out 5-3 (Groundball, 56S, EV 80.0 MPH)
Top of the 1st over - 0 runs, 1 hit, 0 errors, 3 left on base; Oklahoma State University 0 - University of Michigan 0
BOTTOM OF THE 1ST
University of Michigan Wolverines batting - Pitching for Oklahoma State University Cowboys : LHP Billy Wessel
Pitching: LHP Billy Wessel
Batting: RHB Chris Williamson 0-0: Ball
1-0: Foul Ball, location: 2F
1-1: Called Strike
1-2: Ball
2-2: Foul Ball, location: 2F
2-2: Foul Ball, location: 2F
2-2: Ball
3-2: Fly out, F4 (Flyball, 34D, EV 95.0 MPH)
Batting: LHB Omar Gutierrez 0-0: Called Strike
0-1: Called Strike
0-2: Ball
1-2: Strikes out swinging, 2-3 out at first.
Batting: RHB Danny Arroyo 0-0: Ground out 5-3 (Groundball, 56, EV 99.4 MPH)
Bottom of the 1st over - 0 runs, 0 hits, 0 errors, 0 left on base; Oklahoma State University 0 - University of Michigan 0
TOP OF THE 2ND
Oklahoma State University Cowboys batting - Pitching for University of Michigan Wolverines : RHP Henrik Berg
Batting: RHB Jose Lopez 0-0: Ball
1-0: Ball
2-0: Called Strike
2-1: Ball
3-1: Ground out 5-3 (Groundball, 56, EV 84.4 MPH)
Batting: RHB Estevan Alvarez 0-0: Called Strike
0-1: Called Strike
0-2: Foul Ball, location: 2F
0-2: Ball
1-2: Ball
2-2: Strikes out swinging
Batting: RHB Frederik Koster 0-0: Ball
1-0: Ball
2-0: Called Strike
2-1: Ball
3-1: Called Strike
3-2: SOLO HOME RUN (Flyball, 8RXD, EV 116.2 MPH), Distance : 447 ft
Batting: RHB Simon Gravitt 0-0: Ground out 4-3 (Groundball, 4, EV 103.8 MPH)
Top of the 2nd over - 1 run, 1 hit, 0 errors, 0 left on base; Oklahoma State University 1 - University of Michigan 0
BOTTOM OF THE 2ND
University of Michigan Wolverines batting - Pitching for Oklahoma State University Cowboys : LHP Billy Wessel
Batting: RHB Quirino Portel 0-0: Foul Ball, location: 2F
0-1: Ball
1-1: Swinging Strike
1-2: Foul Ball, location: 2F
1-2: Strikes out swinging
Batting: LHB Lance Sabo 0-0: Ball
1-0: Called Strike
1-1: Ball
2-1: Foul Ball, location: 2F
2-2: Strikes out looking
Batting: RHB Aaron Marakovits 0-0: Ball
1-0: Swinging Strike
1-1: Swinging Strike
1-2: Ball
2-2: Foul Ball, location: 2F
2-2: Ball
3-2: Foul Ball, location: 2F
3-2: Foul Ball, location: 2F
3-2: Strikes out swinging, 2-3 out at first.
Bottom of the 2nd over - 0 runs, 0 hits, 0 errors, 0 left on base; Oklahoma State University 1 - University of Michigan 0
TOP OF THE 3RD
Oklahoma State University Cowboys batting - Pitching for University of Michigan Wolverines : RHP Henrik Berg
Batting: LHB Dwayne Roche 0-0: SINGLE (Groundball, 6MD, EV 103.1 MPH)
Batting: LHB Kyle David 0-0: Ball
1-0: Called Strike
1-1: Called Strike
1-2: Foul Ball, location: 2F
1-2: Ball
2-2: Strikes out swinging
Batting: LHB Cory Rohr 0-0: Called Strike
Dwayne Roche steals 2nd base
0-1: Swinging Strike
0-2: Ball
1-2: Foul Ball, location: 2F
1-2: Fly out, F8 (Line Drive, 8RD, EV 90.0 MPH)
Batting: RHB Magnus Laursen 0-0: SINGLE (Groundball, 6MD, EV 108.8 MPH)
Dwayne Roche to third
Runner from 3rd tries for Home, throw by CF and OUT! 8-2
Top of the 3rd over - 0 runs, 2 hits, 0 errors, 1 left on base; Oklahoma State University 1 - University of Michigan 0
BOTTOM OF THE 3RD
University of Michigan Wolverines batting - Pitching for Oklahoma State University Cowboys : LHP Billy Wessel
Batting: RHB Mario Cruz 0-0: Swinging Strike
0-1: Ball
1-1: Swinging Strike
1-2: Strikes out swinging
Batting: LHB Murdock Cranton 0-0: Ball
1-0: Ball
2-0: Called Strike
2-1: Foul Ball, location: 2F
2-2: Foul Ball, location: 2F
2-2: Ground out 4-3 (Groundball, 4, EV 98.8 MPH)
Batting: RHB Torsten Ernst 0-0: Called Strike
0-1: Swinging Strike
0-2: Ball
1-2: Strikes out swinging
Bottom of the 3rd over - 0 runs, 0 hits, 0 errors, 0 left on base; Oklahoma State University 1 - University of Michigan 0
TOP OF THE 4TH
Oklahoma State University Cowboys batting - Pitching for University of Michigan Wolverines : RHP Henrik Berg
Batting: RHB Rory Cardosi 0-0: Ball
1-0: Called Strike
1-1: Ball
2-1: SOLO HOME RUN (Flyball, 78XD, EV 111.9 MPH), Distance : 443 ft
Batting: RHB Jose Lopez 0-0: Ball
1-0: SINGLE (Line Drive, 89M, EV 87.5 MPH)
Batting: RHB Estevan Alvarez 0-0: Ball
1-0: SINGLE (Groundball, 56S, EV 61.2 MPH) (infield hit)
Jose Lopez to second
Batting: RHB Frederik Koster 0-0: Ball
1-0: Ball
2-0: Ball
3-0: Base on Balls
Jose Lopez to third
Estevan Alvarez to second
Batting: RHB Simon Gravitt 0-0: SINGLE (Groundball, 4MD, EV 108.1 MPH)
Jose Lopez scores
Estevan Alvarez to third
Frederik Koster to second
Batting: LHB Dwayne Roche 0-0: Ball
1-0: Ball
2-0: SINGLE (Groundball, 56, EV 100.0 MPH)
Estevan Alvarez scores
Frederik Koster to third
Simon Gravitt to second
Runner from 3rd tries for Home, SAFE, throw by LF to home
Batting: LHB Kyle David 0-0: Ball
1-0: DOUBLE (Line Drive, 89D, EV 100.6 MPH)
Simon Gravitt scores
Dwayne Roche to third
Batting: LHB Cory Rohr 0-0: Ball
1-0: Foul Ball, location: 2F
1-1: Foul Ball, location: 2F
1-2: Ball
2-2: Fly out, F7 (Flyball, 78S, EV 95.0 MPH)
Pinch Hitting: RHB Arabello Demesa 0-0: Ball
1-0: Fly out, F7 (Flyball, 7S, EV 93.1 MPH)
Pinch Hitting: RHB Julio Marquez 0-0: Called Strike
0-1: Called Strike
0-2: Strikes out looking
Top of the 4th over - 5 runs, 6 hits, 0 errors, 2 left on base; Oklahoma State University 6 - University of Michigan 0
BOTTOM OF THE 4TH
University of Michigan Wolverines batting - Pitching for Oklahoma State University Cowboys : LHP Billy Wessel
Now at 3B: Arabello Demesa
Now at SS: Julio Marquez
Batting: RHB Chris Williamson 0-0: Ball
1-0: Fly out, F4 (Popup, 4MD, EV 65.6 MPH)
Batting: LHB Omar Gutierrez 0-0: Called Strike
0-1: Fly out, F4 (Line Drive, 4, EV 66.9 MPH)
Batting: RHB Danny Arroyo 0-0: Ball
1-0: Ball
2-0: Called Strike
2-1: Swinging Strike
2-2: Foul Ball, location: 2F
2-2: Ball
3-2: Strikes out swinging, 2-3 out at first.
Bottom of the 4th over - 0 runs, 0 hits, 0 errors, 0 left on base; Oklahoma State University 6 - University of Michigan 0
TOP OF THE 5TH
Oklahoma State University Cowboys batting - Pitching for University of Michigan Wolverines : RHP Henrik Berg
Batting: RHB Jose Lopez 0-0: Ball
1-0: Ball
2-0: Called Strike
2-1: Foul Ball, location: 2F
2-2: Strikes out swinging
Batting: RHB Estevan Alvarez 0-0: Called Strike
0-1: Swinging Strike
0-2: Ground out 5-3 (Groundball, 56S, EV 84.4 MPH)
Batting: RHB Frederik Koster 0-0: Ball
1-0: Swinging Strike
1-1: Ball
2-1: Ball
3-1: Base on Balls
Pinch Hitting: RHB Jon Guzman 0-0: Ball
1-0: Called Strike
Frederik Koster steals 2nd base
1-1: Called Strike
1-2: Reached on error, E7 (Flyball, 7D, EV 105.6 MPH)
Frederik Koster scores
Pinch Hitting: LHB Jeff Williams 0-0: Ball
1-0: Ball
2-0: Fly out, F7 (Flyball, 7, EV 83.8 MPH)
Top of the 5th over - 1 run, 0 hits, 1 error, 1 left on base; Oklahoma State University 7 - University of Michigan 0
BOTTOM OF THE 5TH
University of Michigan Wolverines batting - Pitching for Oklahoma State University Cowboys : LHP Billy Wessel
Pitching: RHP Brendan Best
Now at 1B: Steve Kimbler
Now at 2B: Bill Tremblett
Now in LF: Jose Lopez
Now in CF: Jon Guzman
Now in RF: Jeff Williams
Batting: RHB Quirino Portel 0-0: Ball
1-0: Ball
2-0: Foul Ball, location: 2F
2-1: Ball
3-1: SINGLE (Groundball, 56, EV 99.4 MPH) (infield hit)
Batting: LHB Lance Sabo 0-0: Ball
1-0: Foul Ball, location: 2F
1-1: Swinging Strike
1-2: Ball
2-2: Strikes out swinging
Batting: RHB Aaron Marakovits 0-0: Ball
Quirino Portel steals 2nd base
1-0: Called Strike
1-1: Swinging Strike
1-2: Strikes out swinging
Batting: RHB Mario Cruz 0-0: Called Strike
0-1: Swinging Strike
0-2: Ground out 5-3 (Groundball, 56, EV 95.0 MPH)
Bottom of the 5th over - 0 runs, 1 hit, 0 errors, 1 left on base; Oklahoma State University 7 - University of Michigan 0
TOP OF THE 6TH
Oklahoma State University Cowboys batting - Pitching for University of Michigan Wolverines : RHP Henrik Berg
Batting: RHB Bill Tremblett 0-0: Called Strike
0-1: Swinging Strike
0-2: Ball
1-2: Strikes out swinging
Batting: RHB Jean-Philippe Guéry 0-0: Ball
1-0: DOUBLE (Line Drive, 9LM, EV 86.9 MPH)
Batting: RHB Arabello Demesa 0-0: SINGLE (Line Drive, 34D, EV 98.1 MPH)
Jean-Philippe Guéry to third
Batting: RHB Julio Marquez 0-0: Ball
1-0: Grounds into double play, 5-4-3 (Groundball, 56, EV 108.1 MPH)
Top of the 6th over - 0 runs, 2 hits, 0 errors, 1 left on base; Oklahoma State University 7 - University of Michigan 0
BOTTOM OF THE 6TH
University of Michigan Wolverines batting - Pitching for Oklahoma State University Cowboys : RHP Brendan Best
Batting: LHB Murdock Cranton 0-0: Ball
1-0: Foul Ball, location: 2F
1-1: Foul Ball, location: 2F
1-2: Ball
2-2: Ball
3-2: Fly out, F7 (Flyball, 7, EV 81.2 MPH)
Batting: RHB Torsten Ernst 0-0: Ball
1-0: Ball
2-0: Foul Ball, location: 2F
2-1: Ball
3-1: Foul Ball, location: 2F
3-2: Foul Ball, location: 2F
3-2: Foul Ball, location: 2F
3-2: Strikes out swinging
Batting: RHB Chris Williamson 0-0: Swinging Strike
0-1: Swinging Strike
0-2: Strikes out swinging
Bottom of the 6th over - 0 runs, 0 hits, 0 errors, 0 left on base; Oklahoma State University 7 - University of Michigan 0
TOP OF THE 7TH
Oklahoma State University Cowboys batting - Pitching for University of Michigan Wolverines : RHP Henrik Berg
Batting: RHB Jose Lopez 0-0: Ball
1-0: Ball
2-0: Ball
3-0: Base on Balls
Batting: RHB Estevan Alvarez 0-0: 2-RUN HOME RUN (Flyball, 7LD, EV 96.2 MPH), Distance : 373 ft
Batting: LHB Steve Kimbler 0-0: DOUBLE (Flyball, 8RXD, EV 108.8 MPH)
Batting: RHB Jon Guzman 0-0: Ball
1-0: SINGLE (Flyball, 7, EV 88.1 MPH)
Steve Kimbler to third
Batting: LHB Jeff Williams 0-0: Called Strike
0-1: Fly out, F8 (Flyball, 8LS, EV 93.1 MPH)
Batting: RHB Bill Tremblett 0-0: Ball
1-0: Ball
2-0: Called Strike
2-1: Ball
3-1: Called Strike
3-2: Base on Balls
Jon Guzman to second
Batting: RHB Jean-Philippe Guéry 0-0: Called Strike
0-1: Ball
1-1: Swinging Strike
1-2: Strikes out swinging
Batting: RHB Arabello Demesa 0-0: Reached on error, E6 (Groundball, 6, EV 85.0 MPH)
Steve Kimbler scores
Jon Guzman to third
Bill Tremblett to second
Batting: RHB Julio Marquez 0-0: Fly out, F3 (Popup, 3SF, EV 73.1 MPH)
Top of the 7th over - 3 runs, 3 hits, 1 error, 3 left on base; Oklahoma State University 10 - University of Michigan 0
BOTTOM OF THE 7TH
University of Michigan Wolverines batting - Pitching for Oklahoma State University Cowboys : RHP Brendan Best
Pitching: RHP Brad Schmidt
Now at C: Hunter Uttley
Batting: LHB Omar Gutierrez 0-0: Ball
1-0: Swinging Strike
1-1: Swinging Strike
1-2: Ground out 1-3 (Groundball, 13, EV 72.5 MPH)
Batting: RHB Danny Arroyo 0-0: Ball
1-0: Ball
2-0: Swinging Strike
2-1: Swinging Strike
2-2: Strikes out swinging
Batting: RHB Quirino Portel 0-0: Called Strike
0-1: DOUBLE (Groundball, 5L, EV 108.1 MPH)
Batting: LHB Lance Sabo 0-0: Ball
1-0: Ball
2-0: Foul Ball, location: 2F
2-1: Foul Ball, location: 2F
2-2: Foul Ball, location: 2F
2-2: Strikes out swinging
Bottom of the 7th over - 0 runs, 1 hit, 0 errors, 1 left on base; Oklahoma State University 10 - University of Michigan 0
TOP OF THE 8TH
Oklahoma State University Cowboys batting - Pitching for University of Michigan Wolverines : RHP Henrik Berg
Batting: RHB Jose Lopez 0-0: Ball
1-0: Ball
2-0: Called Strike
2-1: Foul Ball, location: 2F
2-2: Foul Ball, location: 2F
2-2: Ball
3-2: Base on Balls
Batting: RHB Hunter Uttley 0-0: Grounds into double play, 6-4-3 (Groundball, 6, EV 85.0 MPH)
Batting: LHB Steve Kimbler 0-0: Ball
1-0: Called Strike
1-1: Ball
2-1: Ball
3-1: Base on Balls
Batting: RHB Jon Guzman 0-0: Called Strike
0-1: Ball
1-1: Called Strike
1-2: Foul Ball, location: 2F
1-2: Strikes out swinging
Top of the 8th over - 0 runs, 0 hits, 0 errors, 1 left on base; Oklahoma State University 10 - University of Michigan 0
BOTTOM OF THE 8TH
University of Michigan Wolverines batting - Pitching for Oklahoma State University Cowboys : RHP Brad Schmidt
Pitching: LHP Julian Judge
Batting: RHB Aaron Marakovits 0-0: Called Strike
0-1: Called Strike
0-2: Strikes out swinging
Batting: RHB Mario Cruz 0-0: Called Strike
0-1: Ball
1-1: Ball
2-1: Called Strike
2-2: Strikes out swinging
Batting: LHB Murdock Cranton 0-0: Ball
1-0: Foul Ball, location: 2F
1-1: Ball
2-1: Foul Ball, location: 2F
2-2: Ball
3-2: Strikes out looking
Bottom of the 8th over - 0 runs, 0 hits, 0 errors, 0 left on base; Oklahoma State University 10 - University of Michigan 0
TOP OF THE 9TH
Oklahoma State University Cowboys batting - Pitching for University of Michigan Wolverines : RHP Henrik Berg
Batting: LHB Jeff Williams 0-0: Called Strike
0-1: Foul Ball, location: 2F
0-2: Strikes out swinging
Batting: RHB Bill Tremblett 0-0: Ball
1-0: Ground out 6-3 (Groundball, 6, EV 85.6 MPH)
Batting: RHB Tae-seon Kim 0-0: Called Strike
0-1: Fly out, F9 (Flyball, 9, EV 95.0 MPH)
Top of the 9th over - 0 runs, 0 hits, 0 errors, 0 left on base; Oklahoma State University 10 - University of Michigan 0
BOTTOM OF THE 9TH
University of Michigan Wolverines batting - Pitching for Oklahoma State University Cowboys : LHP Julian Judge
Pitching: RHP Sam Stephenson
Batting: RHB Torsten Ernst 0-0: Called Strike
0-1: Ball
1-1: Called Strike
1-2: Strikes out swinging
Batting: RHB Chris Williamson 0-0: Ground out 5-3 (Groundball, 56S, EV 83.8 MPH)
Batting: LHB Omar Gutierrez 0-0: Ball
1-0: Called Strike
1-1: Ball
2-1: Swinging Strike
2-2: Strikes out swinging
Bottom of the 9th over - 0 runs, 0 hits, 0 errors, 0 left on base; Oklahoma State University 10 - University of Michigan 0
Tuesday, March 28th , 2023 - OOTP Baseball 23.10 Build 110